 Dungeon Crawl Stone Soup version 0.31.0-12-g77e489cdc1 (webtiles) character file.

Game seed: 14876660748146621066

65 jagang the Changeling (level 3, 0/27 HPs)
             Began as a Demonspawn Shapeshifter on Feb 15, 2024.
             Shot with an arrow by a centaur (3 damage)
             ... on level 3 of the Dungeon.
             The game lasted 00:03:53 (1920 turns).

jagang the Changeling (Demonspawn Shapeshifter)     Turns: 1920, Time: 00:03:53

Health: 0/27       AC:  8    Str: 16    XL:     3   Next: 94%
Magic:  3/3        EV: 12    Int: 10    God:
Gold:   136        SH:  0    Dex: 12    Spells: 2/2 levels left

rFire   . .          .
                       - Unarmed
rCold   . . .        (no shield)
rNeg    . . .        i - +1 leather armour "Zuuckosk" {Regen+ Stlth+}
rPois   .            (helmet currently unavailable)
rElec   .            (cloak currently unavailable)
rCorr   .            (gloves currently unavailable)
SInv    .            (boots currently unavailable)
Will    .....        (no amulet)
Stlth   ++           h - +4 ring of protection
HPRegen 1.04/turn    (no ring)
MPRegen 0.08/turn

%: no passive effects
@: beast-form
A: beast (slay +1), horns 1
a: Begin Untransformation


You were on level 3 of the Dungeon.
You were a hulking beast.
You visited 1 branch of the dungeon, and saw 3 of its levels.

You collected 136 gold pieces.

Inventory:

Hand Weapons
 e - a +1 great sword of electrocution
Armour
 a - a +0 cloak
 i - the +1 leather armour "Zuuckosk" (worn) {Regen+ Stlth+}
   (You found it on level 2 of the Dungeon)

   Regen+:    It increases your rate of health regeneration.
   Stlth+:    It makes you more stealthy.
Jewellery
 h - a +4 ring of protection (left hand)
Talismans
 c - a beast talisman
 d - a flux talisman
Scrolls
 f - 2 scrolls of identify
 g - 3 scrolls of teleportation
 j - a scroll of noise
Potions
 b - 4 potions of lignification


   Skills:
 + Level 1.6 Fighting
 * Level 2.7 Dodging
 + Level 3.0 Unarmed Combat
 * Level 3.2 Shapeshifting


You had 2 spell levels left.
You didn't know any spells.
Your spell library contained the following spells:

 Spells                   Type           Power      Damage    Failure   Level
 Summon Small Mammal      Summ           0%         N/A       43%         1
 Blink                    Tloc           0%         N/A       56%         2
 Lesser Beckoning         Tloc           0%         N/A       56%         2
 Momentum Strike          Conj/Tloc      0%         3d8       56%         2
 Call Canine Familiar     Summ           0%         N/A       80%         3
 Summon Blazeheart Golem  Fire/Summ      0%         N/A       99%         4


Dungeon Overview and Level Annotations

Branches:
Dungeon (3/15)

Altars:


Innate Abilities, Weirdness & Mutations

You are a hulking beast.
Your limbs bulge with bestial killing power. (Slay +1)
You have a pair of small horns on your head.


Message History

You hit the endoplasm. You headbutt the endoplasm.
You kill the endoplasm!
Found 7 stones.
j - a scroll labelled HIULEE OWECRET You see here a staff of earth.
As you read the scroll labelled CEJ POETWOAHA, it crumbles to dust.
It is a scroll of identify.
g - 3 scrolls of teleportation
As you read the scroll of identify, it crumbles to dust.
j - a scroll of noise You don't currently have any unidentified items.
A centaur comes into view.
You see here a +2 sling of electrocution.
A dart slug comes into view.
The centaur wields a +0 orcbow.
The centaur shoots an arrow.
The arrow misses you. The dart slug launches a dart at you.
The slug dart hits you but does no damage.
You hear the slow rusting of a drain very nearby.
The centaur shoots an arrow.
The arrow hits you but does no damage.
The centaur shoots an arrow.
The arrow hits you!
Ouch! That really hurt!
You hear a loud squeak. x2
You are too injured to fight recklessly!
You are too injured to fight recklessly!
You are too injured to fight recklessly!
You are too injured to fight recklessly!
You are too injured to fight recklessly!
Unknown command. 2 rats come into view.
The centaur shoots an arrow.
The arrow barely misses you.
A river rat comes into view.
The dart slug launches a dart at you. The slug dart misses you.
The centaur shoots an arrow.
The arrow hits you!
* * * LOW HITPOINT WARNING * * *
The centaur shoots an arrow.
The arrow hits you but does no damage.
The centaur shoots an arrow.
The arrow misses you.
The centaur shoots an arrow.
The arrow hits you.
You die...

...... # ...... #######..
......
######.......##...... #
##...........#.w...... #
##.....(...............
####..................r...
..............>.h...c.r...
. ..................r.....
####.......|..............
..............)...........
# #.......................
# ###.....................
# ##.....#.....#.....#..
#######.........##.#.#.#.#
.........###.##....#.#.#


You could see a centaur, a river rat, a dart slug and 2 rats.

Vanquished Creatures
  2 adders (D:2)
  A dart slug (D:2)
  A ribbon worm (D:2)
  An orc (D:2)
  6 endoplasms
  2 giant cockroaches
  7 goblins
  4 hobgoblins
  3 jackals (D:1)
  3 ball pythons
  A bat (D:2)
  5 frilled lizards
  3 kobolds (D:1)
39 creatures vanquished.

Notes
Turn   | Place    | Note
-------+----------+-------------------------------------------
     0 | D:1      | jagang the Demonspawn Shapeshifter began the quest for the
                  | Orb.
     0 | D:1      | Reached XP level 1. HP: 15/15 MP: 1/1
    23 | D:1      | You fall into a shaft and drop 1 floor!
    54 | D:2      | Identified the +0 scale mail "Nemuawnu" {rElec rPois Int-5
                  | Slay-2}
   246 | D:1      | Found a faded altar of an unknown god.
   426 | D:1      | Gained mutation: You have a pair of small horns on your
                  | head. [demonic ancestry]
   426 | D:1      | Reached XP level 2. HP: 21/21 MP: 2/2
   716 | D:1      | Reached XP level 3. HP: 20/26 MP: 3/3
  1610 | D:2      | Identified the +1 leather armour "Zuuckosk" {Regen+ Stlth+}
  1914 | D:3      | Noticed a centaur
  1918 | D:3      | HP: 1/27 [centaur/arrow (13)]
  1920 | D:3      | Shot with an arrow by a centaur

Illustrated notes

Levels and vault maps discovered:
D:1:      dpeg_arrival_erosion, layout_basic, hellmonk_ecumenical_altar_lost_god
D:2:      layout_basic, basic_altar
D:3:      layout_rooms, portal_sewer_entry_a, nicolae_underground_beach

Skill      XL: |  1  2  3 |
---------------+----------+-----
Dodging        | 2 |  2.7
Shapeshifting  | 3 |  3.2
Unarmed Combat | 3 |  3.0
Fighting       | |  1.6

Action                     || total
---------------------------++-------
  Melee: Unarmed           ||   117
         Punch             ||     4
         Headbutt          ||    10
         Great sword       ||     1
    Use: Scroll            ||     2
   Stab: Sleeping          ||     1
 Armour: Animal skin       ||    58
         Leather armour    ||     7
  Dodge: Dodged            ||    71
